AoeStats
← Mr. Penis

Hill Fort

505017471Analyzed
4v4 RM · 24d ago on Sep 7, 2026· 48m 20s· 8 players
Game mode
Random Map
Map size
Large (8 player)
Population
200
Speed
Normal
Resources
Standard
Victory
Conquest
Starting age
Dark Age
Ending age
Imperial Age
RankedLock teamsTeams togetherTeam positionsShared explorationLock speedFull tech treeHidden civsTurbo modeCheats
Victory
Defeat
🇧🇷 Bulgarians · Brazil
1273
+13
🇨🇳 Japanese · China
1260
+13
🇨🇳 Mongols · China
1254
+13
🇷🇺 Jurchens · Russia
1156
+18
🇪🇸 Goths · Spain
1205
-15
🇪🇸 Khitans · Spain
1198
-14
🇨🇳 Persians · China
1196
-14
🇹🇼 Inca · Taiwan
1186
-14
n13s
7:16 Loom
11:12 Feudal Age
11:39 Double-Bit Axe
11:37 Domestication
16:27 Wheelbarrow
16:02 Gold Mining
19:10 Castle Age
17:56 Stone Mining
18:19 Fletching
18:36 Scale Barding Armor
20:37 Husbandry
21:07 Town Watch
24:34 Pastoralism
26:57 Bow Saw
29:00 Hand Cart
33:45 Imperial Age
32:09 Scale Mail Armor
32:19 Forging
32:50 Lamellar Armor
33:10 Chain Mail Armor
33:35 Treadmill Crane
34:19 Ballistics
34:11 Masonry
34:05 Murder Holes
34:57 Transhumance
35:40 Two-Man Saw
35:14 Conscription
35:38 Iron Casting
35:39 Plate Mail Armor
35:39 Elite Liao Dao
40:37 Ordo Cavalry
42:42 Bodkin Arrow
42:47 Padded Archer Armor
43:23 Parthian Tactics
42:22 Heavy Cavalry Archer
43:09 Thumb Ring
42:41 Elite Skirmisher
46:17 Chemistry
45:27 Bracer
45:43 Leather Archer Armor
47:39 Ring Archer Armor
Atalaya-07
12:39 Feudal Age
13:05 Double-Bit Axe
13:02 Horse Collar
20:06 Castle Age
19:16 Town Watch
20:19 Loom
21:30 Gold Mining
22:56 Wheelbarrow
22:24 Town Patrol
24:05 Bow Saw
24:41 Stone Mining
26:35 Heavy Plow
28:59 Stone Shaft Mining
29:41 Hand Cart
34:23 Imperial Age
32:17 Scale Mail Armor
34:00 Murder Holes
34:29 Ballistics
34:19 Masonry
34:12 Squires
34:14 Anarchy
34:40 Chain Mail Armor
34:35 Forging
35:33 Conscription
34:58 Elite Huskarl
37:28 Iron Casting
36:46 Fletching
38:02 Chemistry
37:32 Architecture
38:12 Caravan
38:43 Coinage
38:24 Guilds
42:11 Blast Furnace
41:07 Bodkin Arrow
43:47 Herbal Medicine
48:02 Banking
ArtherRen
9:25 Loom
11:42 Feudal Age
12:31 Double-Bit Axe
12:39 Horse Collar
17:54 Stone Mining
20:33 Castle Age
18:52 Gold Mining
20:38 Fletching
20:49 Scale Mail Armor
21:00 Forging
20:50 Padded Archer Armor
24:02 Wheelbarrow
23:13 Crossbowman
30:57 Imperial Age
29:36 Bow Saw
29:41 Heavy Plow
29:12 Pikeman
29:55 Squires
30:54 Fortified Wall
32:08 Thumb Ring
32:38 Conscription
32:22 Halberdier
33:17 Bodkin Arrow
34:26 Hand Cart
34:57 Chain Mail Armor
34:45 Arbalester
37:38 Bracer
37:47 Elite Skirmisher
39:30 Leather Archer Armor
39:46 Plate Mail Armor
39:32 Andean Sling
40:36 Ballistics
42:35 Chemistry
44:24 Ring Archer Armor
44:30 Iron Casting
5720638
10:53 Feudal Age
12:37 Loom
14:01 Wheelbarrow
17:11 Castle Age
15:29 Double-Bit Axe
15:59 Horse Collar
19:18 Gold Mining
19:38 Bow Saw
19:29 Heavy Plow
22:28 Town Watch
30:07 Imperial Age
28:21 Hand Cart
28:38 Fletching
28:59 Forging
29:56 Bloodlines
29:47 Husbandry
31:42 Chemistry
31:09 Cavalier
31:11 Light Cavalry
31:55 Crossbowman
32:40 Thumb Ring
31:56 Elite Skirmisher
33:17 Citadels
33:28 Conscription
33:09 Kamandaran
33:50 Padded Archer Armor
35:59 Iron Casting
35:31 Scale Barding Armor
35:23 Bodkin Arrow
36:02 Ballistics
38:11 Leather Archer Armor
38:57 Blast Furnace
38:01 Hussar
39:45 Ring Archer Armor
39:36 Chain Barding Armor
42:15 Plate Barding Armor
42:39 Thumb Ring
[LCDR]->GOG
9:51 Feudal Age
10:57 Double-Bit Axe
13:45 Loom
17:08 Castle Age
15:06 Stone Mining
15:13 Horse Collar
22:53 Town Watch
28:35 Wheelbarrow
28:03 Heavy Plow
30:23 Fletching
30:49 Bodkin Arrow
30:45 Pikeman
31:26 Squires
31:11 Gambesons
34:13 Imperial Age
32:10 Scale Mail Armor
32:21 Forging
33:04 Chain Mail Armor
34:24 Iron Casting
35:28 Plate Mail Armor
35:12 Bagains
36:38 Blast Furnace
35:40 Gold Mining
36:26 Stone Shaft Mining
36:01 Capped Ram
36:42 Bracer
36:56 Siege Ram
42:02 Bow Saw
48:20 Hand Cart
Mr. Penis
11:35 Feudal Age
15:46 Castle Age
13:53 Horse Collar
14:22 Double-Bit Axe
16:00 Loom
18:21 Fervor
18:45 Bow Saw
20:17 Sanctity
21:40 Wheelbarrow
21:02 Gold Mining
24:19 Heavy Plow
25:17 Stone Mining
26:54 Bloodlines
26:44 Husbandry
28:27 Gold Shaft Mining
28:30 Stone Shaft Mining
32:10 Hand Cart
31:40 Town Watch
36:53 Imperial Age
36:46 Scale Barding Armor
36:52 Forging
36:32 Fletching
36:34 Treadmill Crane
37:05 Masonry
38:21 Elite Steppe Lancer
39:37 Chain Barding Armor
41:39 Plate Barding Armor
41:40 Iron Casting
41:00 Bodkin Arrow
41:27 Conscription
41:43 Hoardings
45:24 Guilds
45:44 Coinage
45:15 Caravan
华
11:28 Feudal Age
12:41 Horse Collar
15:24 Castle Age
13:26 Double-Bit Axe
15:18 Gold Mining
16:22 Bow Saw
19:54 Wheelbarrow
21:03 Hand Cart
20:58 Loom
22:17 Stone Mining
23:15 Heavy Plow
29:53 Imperial Age
27:10 Town Watch
28:02 Fletching
28:13 Padded Archer Armor
28:32 Town Patrol
30:22 Bloodlines
30:12 Husbandry
29:33 Light Cavalry
30:11 Bodkin Arrow
30:32 Leather Archer Armor
30:42 Ballistics
31:07 Conscription
31:26 Bracer
32:39 Chemistry
32:18 Scale Barding Armor
33:05 Drill
35:55 Parthian Tactics
35:36 Thumb Ring
35:55 Chain Barding Armor
35:46 Forging
36:42 Caravan
37:16 Elite Mangudai
37:58 Nomads
38:44 Iron Casting
39:49 Coinage
40:29 Masonry
40:30 Fortified Wall
40:17 Murder Holes
43:52 Banking
44:16 Hoardings
惢丶利安
9:04 Feudal Age
14:26 Castle Age
12:49 Horse Collar
14:11 Loom
14:42 Double-Bit Axe
15:28 Heavy Plow
20:33 Wheelbarrow
21:55 Bow Saw
24:55 Gold Mining
25:47 Hand Cart
27:17 Fletching
29:45 Gold Shaft Mining
32:41 Imperial Age
30:04 Town Watch
30:34 Bodkin Arrow
31:31 Thumb Ring
32:10 Padded Archer Armor
33:49 Conscription
34:02 Bracer
34:18 Stone Mining
34:56 Parthian Tactics
34:11 Light Cavalry
34:11 Cavalier
36:03 Leather Archer Armor
35:22 Heavy Cavalry Archer
36:40 Elite Skirmisher
39:07 Kataparuto
40:57 Chemistry
40:04 Siege Engineers
40:21 Ballistics
39:42 Treadmill Crane
40:14 Masonry
40:06 Town Patrol
40:29 Bloodlines
40:19 Husbandry
43:56 Yasama
44:31 Hoardings
43:49 Guard Tower
46:10 Ring Archer Armor
45:54 Forging
45:44 Scale Mail Armor
46:41 Keep
45:51 Arrowslits
47:18 Caravan
Connection lost

Rejoining the realm…

Still unreachable

The connection could not be restored.

Session expired

The server has moved on; the page needs a fresh start.